 Dungeon Crawl Stone Soup version 0.18.1-8-gdd0e5ea (webtiles) character file.

8533 juanjsm the Covert (level 11, -6/49 HPs)
             Began as a Spriggan Enchanter on June 6, 2016.
             Was a Priest of Ashenzari.
             Splashed by an oklob plant's acid (13 damage)
             ... on level 10 of the Dungeon.
             The game lasted 00:54:26 (9479 turns).

juanjsm the Covert (Spriggan Enchanter)             Turns: 9479, Time: 00:54:27

Health: -6/49      AC: -5    Str:  4    XL:     11   Next: 11%
Magic:  1/25       EV: 29    Int: 19    God:    Ashenzari [***...]
Gold:   655        SH:  3    Dex: 18    Spells: 5 memorised, 18 levels left

rFire  + . .     SeeInvis +     j - +4 dagger (speed)
rCold  . . .     Gourm    .     b - +1 robe
rNeg   . . .     Faith    .     (shield restricted)
rPois  +         Spirit   .     (helmet restricted)
rElec  .         Dismiss  .     (no cloak)
rCorr  .         Reflect  +     (gloves unavailable)
SustAt .         Harm     .     (boots unavailable)
MR     +....                    i - +3 amulet of reflection (curse)
Stlth  +++++++...               M - +4 ring of evasion (curse)
                                B - ring of poison resistance (curse)

@: corroded, very quick, somewhat resistant to hostile enchantments, extremely
stealthy
A: unfitting armour, see invisible, fire resistance 1, herbivore 3, speed 3,
slow metabolism 2
a: Curse Item, Scrying, Renounce Religion


You were on level 10 of the Dungeon.
You worshipped Ashenzari.
Ashenzari was most pleased with you.
You were very hungry.

You visited 2 branches of the dungeon, and saw 12 of its levels.
You also visited: Ossuary.

You collected 655 gold pieces.

Inventory:

Hand Weapons
 a - a +1 shortbow of velocity
 j - a +4 dagger of speed (weapon)
 F - a +2 dagger of pain
 X - the +6 flail "Qocuimis" {flame, rC+ Str+4 Int+2 Dex-4}
   (You found it on level 10 of the Dungeon)

   It has been specially enchanted to burn those struck by it, causing extra
   injury to most foes and up to half again as much damage against particularly
   susceptible opponents.
   It affects your strength (+4).
   It affects your intelligence (+2).
   It affects your dexterity (-4).
   It protects you from cold.
Missiles
 E - 148 arrows (quivered)
Armour
 b - a +1 robe (worn)
 m - a +0 buckler
Jewellery
 h - a +6 ring of dexterity
 i - a cursed +3 amulet of reflection (around neck)
 B - a cursed ring of poison resistance (left hand)
 I - a cursed ring of teleportation
 M - a cursed +4 ring of evasion (right hand)
 O - an uncursed ring of stealth
 V - an uncursed ring of fire
Wands
 e - a wand of disintegration (10/24)
 D - a wand of acid (8/15)
 N - a wand of paralysis (16/24)
 P - a wand of teleportation (5/9)
 Q - a wand of slowing (28/48)
 S - a wand of acid (7/15)
 Y - a wand of enslavement (3/24)
Scrolls
 f - 2 scrolls of magic mapping
 k - a scroll of acquirement {unknown}
 l - 5 scrolls of immolation
 s - 3 scrolls of fear {unknown}
 u - 3 scrolls of recharging {unknown}
 x - 9 scrolls of noise {unknown}
 z - 6 scrolls of enchant armour {unknown}
 G - 9 scrolls of random uselessness {unknown}
 H - 2 scrolls of fog {unknown}
 K - a scroll of blinking {unknown}
 L - 3 scrolls of teleportation {unknown}
 U - a scroll of amnesia {unknown}
Potions
 n - 4 potions of heal wounds
 o - 4 potions of agility
 p - 3 potions of might
 q - a potion of resistance
 r - a potion of curing
 t - 3 potions of brilliance
 w - a potion of cancellation {unknown}
 A - a potion of flight {unknown}
 C - a potion of mutation
 J - 2 potions of lignification
 R - a potion of ambrosia
 W - a potion of berserk rage {unknown}
Books
 c - a book of Maledictions

   Spells                             Type                      Level
   a - Corona                         Hexes                        1
   b - Ensorcelled Hibernation        Hexes/Ice                    2
   c - Confuse                        Hexes                        3
   d - Tukima's Dance                 Hexes                        3
   e - Dazzling Spray                 Conjuration/Hexes            3
 y - a book of Cantrips

   Spells                             Type                      Level
   a - Corona                         Hexes                        1
   b - Animate Skeleton               Necromancy                   1
   c - Summon Small Mammal            Summoning                    1
   d - Apportation                    Translocation                1
Comestibles
 d - 5 bread rations
 g - 2 royal jellies
 v - 5 fruits
 T - 8 slices of pizza


   Skills:
 + Level 1.6 Fighting
 * Level 7.0 Short Blades
 * Level 8.8 Dodging
 + Level 14.3 Stealth
 * Level 4.4 Shields
 * Level 9.2 Spellcasting
 + Level 0.4(1.5) Conjurations
 + Level 6.7(9.7) Hexes
 - Level 1.2(3.0) Ice Magic
 * Level 4.8(7.6) Evocations


You had 18 spell levels left.
You knew the following spells:

 Your Spells              Type           Power        Failure   Level  Hunger
a - Corona                Hex            #####..      1%          1    None
b - Ensorcelled Hibernat  Hex/Ice        ####..       1%          2    None
c - Confuse               Hex            #####...     1%          3    None
d - Dazzling Spray        Conj/Hex       ####....     2%          3    None
e - Apportation           Tloc           ##........   10%         1    None


Dungeon Overview and Level Annotations

Branches:
Dungeon (11/15)            Temple (1/1) D:6            Lair (0/8) D:10
    Orc: D:9-12

Altars:
Ashenzari
Cheibriados
Dithmenos
Elyvilon
Fedhas
Gozag
Kikubaaqudgha
Makhleb
Nemelex Xobeh
Okawaru
Pakellas
Qazlal
Ru
Sif Muna
Trog
Vehumet
Xom
Yredelemnul
Zin
The Shining One

Annotations:
D:2 Natasha
D:4 Menkaure
D:5 exclusion: statue
D:9 Erolcha
D:10 exclusion: 2 oklob plants


Innate Abilities, Weirdness & Mutations

You are tiny and cannot use many weapons and most armour.
You have supernaturally acute eyesight.
You are a herbivore.
You cover ground extremely quickly.
You need consume almost no food.
Your flesh is heat resistant.


Message History

Casting: Dazzling Spray
Confirm with . or Enter, or press ? or * to list all spells.
Aiming: Dazzling Spray
Press: ? - help, Shift-Dir - straight line, f/p - oklob plant
Aim: an oklob plant (heavily damaged)
The spray of energy hits the oklob plant.
The oklob plant is heavily damaged.
The spray of energy hits the plant.
The plant is heavily damaged.
The oklob plant spits acid at you. The splash of acid hits you!
The acid burns!
Casting: Dazzling Spray
Confirm with . or Enter, or press ? or * to list all spells.
You don't have enough magic to cast that spell.
Unknown command.
The oklob plant spits acid at you. The splash of acid hits you!
* * * LOW HITPOINT WARNING * * *
The acid corrodes you!
The acid burns!
You die...

#######..####..##
#..########..##
##.............## #............#
##......)......## #............#
######..####..## #..########..#
######..####..# #..# #..#
######).####..# #..# #..#
######..####..# #..########..##
#.....†......#######.....(......
#...........#..@....#...........
######..##....#...#....####..###
#..##...##PP.# . . #..#
#..##.#...PPP... #..#
#..##.#..PP>PP(.#, #..#
#..##.#...PPPP..# * #..#
#.......##.PP##... #..#
#..#.....#...#....* #..#
#..##..#.......#..# #..#


You could see 2 oklob plants.

Vanquished Creatures
  A queen ant (D:10)
  A hill giant (D:10)
  The ghost of F1L1N the Skirmisher, a novice GrBe of Trog (Ossuary)
  The ghost of Rationalist the Skirmisher, an amateur MiBe of Trog (D:5)
  Sigmund (D:3)
  A spriggan (D:9)
  A wraith (D:10)
  3 yaks (D:10)
  A wyvern (D:10)
  A hippogriff (D:9)
  A hungry ghost (D:10)
  12 soldier ants (D:10)
  An orc warrior (D:7)
  5 sky beasts
  A black bear (D:8)
  An ice beast (D:5)
  4 ogres
  2 phantoms
  4 centaurs
  5 giant frogs
  2 scorpions
  6 killer bees (D:9)
  A water moccasin zombie (D:8)
  A vampire bat (D:4)
  3 howler monkeys (D:8)
  A crimson imp (D:9)
  3 giant frog zombies
  2 jellies
  3 orc priests
  A centaur skeleton (D:4)
  2 centaur zombies (Ossuary)
  A wasp zombie (D:9)
  3 hounds
  2 orc wizards
  Ijyb (D:3)
  2 iguanas
  45 worker ants
  2 hound zombies
  4 mummies (Ossuary)
  A hound skeleton (D:5)
  A worker ant zombie (D:8)
  3 gnolls (D:5)
  4 adders
  2 howler monkey skeletons
  A shadow imp (D:8)
  4 oozes
  3 adder zombies
  2 worms
  A dart slug (D:2)
  2 giant geckos
  17 orcs
  2 ball pythons
  2 bats
  3 bat skeletons (D:4)
  3 bat zombies (D:4)
  5 giant cockroaches
  2 gnoll zombies (Ossuary)
  4 hobgoblins (D:2)
  3 jackals (D:5)
  3 quokkas
  A giant gecko zombie (D:9)
  A giant newt (D:3)
  8 goblins
  3 goblin zombies (Ossuary)
  A hobgoblin zombie (Ossuary)
  A jackal skeleton (D:6)
  4 kobolds
  A quokka skeleton (D:6)
  4 rats
225 creatures vanquished.

Notes
Turn   | Place    | Note
--------------------------------------------------------------
     0 | D:1      | juanjsm the Spriggan Enchanter began the quest for the Orb.
     0 | D:1      | Reached XP level 1. HP: 9/9 MP: 5/5
   231 | D:1      | Reached XP level 2. HP: 8/13 MP: 7/7
   235 | D:1      | Learned a level 2 spell: Ensorcelled Hibernation
   349 | D:1      | Reached skill level 5 in Stealth
   755 | D:2      | Reached XP level 3. HP: 15/16 MP: 0/8
   760 | D:2      | Learned a level 3 spell: Confuse
   986 | D:2      | Noticed Natasha
  1282 | D:2      | Found a shadowy altar of Dithmenos.
  1594 | D:3      | Noticed Sigmund
  1610 | D:3      | Killed Sigmund
  1610 | D:3      | Reached skill level 6 in Stealth
  1610 | D:3      | Reached skill level 1 in Shields
  1610 | D:3      | Reached XP level 4. HP: 21/21 MP: 3/10
  1610 | D:3      | Reached XP level 5. HP: 24/24 MP: 3/11
  1615 | D:3      | Learned a level 3 spell: Dazzling Spray
  1656 | D:4      | Reached skill level 7 in Stealth
  1656 | D:4      | Reached skill level 1 in Ice Magic
  1656 | D:4      | Reached XP level 6. HP: 28/28 MP: 3/12
  1778 | D:3      | Found a deep blue altar of Sif Muna.
  2129 | D:3      | Noticed Ijyb
  2135 | D:3      | Killed Ijyb
  2453 | D:4      | Reached skill level 8 in Stealth
  2487 | D:5      | Entered Level 5 of the Dungeon
  2661 | D:4      | Noticed Menkaure
  2793 | D:4      | Found an ancient bone altar of Kikubaaqudgha.
  2828 | D:4      | Reached XP level 7. HP: 20/32 MP: 2/14
  2945 | D:5      | Noticed Rationalist's ghost (amateur MiBe)
  2951 | D:4      | Learned a level 1 spell: Apportation
  3028 | D:5      | Killed Rationalist's ghost
  3028 | D:5      | Reached skill level 9 in Stealth
  3058 | D:6      | Found a staircase to the Ecumenical Temple.
  3067 | D:6      | Reached skill level 5 in Dodging
  3077 | Temple   | Entered the Ecumenical Temple
  3090 | Temple   | Became a worshipper of Ashenzari the Shackled
  3567 | D:6      | Found a sand-covered staircase.
  3575 | Ossuary  | Entered an ossuary
  3575 | Ossuary  | Noticed F1L1N's ghost (novice GrBe)
  3578 | Ossuary  | HP: 1/32 [F1L1N's ghost (4)]
  3609 | Ossuary  | Killed F1L1N's ghost
  3609 | Ossuary  | Reached skill level 1 in Fighting
  3609 | Ossuary  | Reached skill level 10 in Stealth
  3609 | Ossuary  | Reached skill level 5 in Hexes
  3609 | Ossuary  | Reached XP level 8. HP: 31/37 MP: 2/16
  4025 | D:5      | Reached skill level 11 in Stealth
  4025 | D:5      | Reached skill level 5 in Spellcasting
  4310 | D:5      | Found a radiant altar of Vehumet.
  4821 | D:5      | Found a glowing silver altar of Zin.
  5030 | D:6      | Reached XP level 9. HP: 41/41 MP: 18/18
  5194 | D:6      | Reached skill level 5 in Short Blades
  5194 | D:6      | Reached skill level 12 in Stealth
  5620 | D:8      | Reached * piety under Ashenzari
  5747 | D:7      | Found a glowing golden altar of the Shining One.
  6171 | D:7      | Gained mutation: Your body sometimes deteriorates upon taking damage. [potion of mutation]
  6171 | D:7      | Gained mutation: You are weak. (Str -2) [potion of mutation]
  6171 | D:7      | Gained mutation: Your body often deteriorates upon taking damage. [potion of mutation]
  6172 | D:7      | Lost mutation: Your body often deteriorates upon taking damage. [potion of cure mutation]
  6172 | D:7      | Lost mutation: Your body sometimes deteriorates upon taking damage. [potion of cure mutation]
  6173 | D:7      | Gained mutation: Armour fits poorly on your strangely shaped body. [potion of mutation]
  6173 | D:7      | Gained mutation: You are frail (-10% HP). [potion of mutation]
  6173 | D:7      | Gained mutation: You are surrounded by a mild repulsion field (EV +2). [potion of mutation]
  6174 | D:7      | Gained mutation: Your flesh is heat resistant. [potion of mutation]
  6174 | D:7      | Gained mutation: You have a pair of small horns on your head. [potion of mutation]
  6175 | D:7      | Lost mutation: You are frail (-10% HP). [potion of cure mutation]
  6175 | D:7      | Lost mutation: You have a pair of small horns on your head. [potion of cure mutation]
  6175 | D:7      | Lost mutation: Armour fits poorly on your strangely shaped body. [potion of cure mutation]
  6175 | D:7      | Lost mutation: You are weak. (Str -2) [potion of cure mutation]
  6175 | D:7      | Lost mutation: You are surrounded by a mild repulsion field (EV +2). [potion of cure mutation]
  6473 | D:8      | Found a shimmering altar of Xom.
  6537 | D:8      | Reached skill level 1 in Evocations
  6561 | D:8      | Reached ** piety under Ashenzari
  6574 | D:8      | Reached skill level 13 in Stealth
  7094 | D:9      | Noticed Erolcha
  7147 | D:9      | Found a sparkling altar of Nemelex Xobeh.
  7147 | D:9      | Found an opulent altar of Gozag.
  7179 | D:10     | Entered Level 10 of the Dungeon
  7179 | D:10     | Noticed a hill giant
  7834 | D:9      | Reached *** piety under Ashenzari
  7962 | D:9      | Reached XP level 10. HP: 46/46 MP: 16/21
  8126 | D:10     | Noticed an oklob plant
  8147 | D:10     | Got the flail "Qocuimis" {flame, rC+ Str+4 Int+2 Dex-4}
  8285 | D:10     | Killed a hill giant
  8473 | D:10     | Noticed a queen ant
  8691 | D:10     | Reached skill level 14 in Stealth
  8783 | D:10     | Killed a queen ant
  8987 | D:10     | Reached XP level 11. HP: 49/49 MP: 14/25
  9374 | D:10     | Found a staircase to the Lair.
  9380 | D:10     | Noticed an oklob plant
  9479 | D:10     | Splashed by an oklob plant's acid

Skill      XL: |  1  2  3  4  5  6  7  8  9 10 11 |
---------------+----------------------------------+-----
Spellcasting   | 3 4 5 7 9 |  9.2
Stealth        | 5 6 7 8 10 11 13 14 | 14.3
Short Blades   | 2 3 4 5 6 7 |  7.0
Shields        | 1 2 3 4 |  4.4
Hexes          | 4 5 6 |  6.7
Ice Magic      | 1 |  1.2
Dodging        | 5 7 8 |  8.8
Fighting       | 1 |  1.6
Evocations     | 2 4 |  4.8
Conjurations   | |  0.4

Action                   |  1- 3 |  4- 6 |  7- 9 | 10-12 || total
-------------------------+-------+-------+-------+-------++-------
Melee: Dagger            |    97 |    51 |   272 |   173 ||   593
 Cast: Corona            |     8 |       |       |       ||     8
       Ensorcelled Hiber |    24 |    14 |    62 |    69 ||   169
       Confuse           |     3 |     5 |    28 |    16 ||    52
       Dazzling Spray    |       |     2 |     6 |    10 ||    18
Invok: Curse Item        |       |       |     3 |       ||     3
       Scrying           |       |       |       |     1 ||     1
  Use: Scroll            |       |     6 |    11 |       ||    17
       Potion            |       |       |     7 |       ||     7
 Stab: Sleeping          |    18 |    15 |    63 |    60 ||   156
       Confused          |     2 |     2 |    16 |     7 ||    27
       Invisible         |       |       |     5 |     3 ||     8
       Distracted        |       |       |     2 |       ||     2
  Eat: Pizza             |       |     1 |     1 |       ||     2
       Fruit             |       |       |     6 |       ||     6
Armor: Robe              |     8 |     2 |     5 |     2 ||    17
Dodge: Dodged            |    71 |    74 |   195 |   106 ||   446
Block: Other             |       |     8 |    25 |    12 ||    45
